 Dungeon Crawl Stone Soup version 0.17.0-28-g6e173f8 (webtiles) character file.

15 Ithica the Grave Robber (level 2, -4/19 HPs)
             Began as a Demonspawn Necromancer on Nov 24, 2015.
             Slain by a worm (9 damage)
             ... on level 1 of the Dungeon.
             The game lasted 00:02:28 (1052 turns).

Ithica the Grave Robber (Demonspawn Necromancer)    Turns: 1052, Time: 00:02:28

Health: -4/19      AC:  4    Str:  8    XL:     2   Next: 34%
Magic:  0/5        EV: 12    Int: 16    God:
Gold:   69         SH:  2    Dex: 13    Spells: 2 memorised, 3 levels left

rFire  . . .     SeeInvis .     (no weapon)
rCold  . . .     Clarity  .     a - +0 robe
rNeg   . . .     SustAt   .     (no shield)
rPois  .         Gourm    .     (no helmet)
rElec  .         Spirit   .     (no cloak)
rCorr  .         Warding  .     (no gloves)
rMut   .         Stasis   .     (no boots)
MR     .....                    (no amulet)
Stlth  ++........               (no ring)
                                (no ring)

@: not resistant to hostile enchantments, unstealthy
A: large bone plates 1
a: no special abilities


You were on level 1 of the Dungeon.
You were hungry.

You visited 1 branch of the dungeon, and saw 2 of its levels.

You collected 69 gold pieces.

Inventory:

Armour
 a - a +0 robe (worn)
Jewellery
 g - an uncursed ring of poison resistance {unknown}
Scrolls
 e - a scroll of teleportation {unknown}
 f - a scroll of enchant weapon {unknown}
Potions
 d - a potion of resistance {unknown}
Books
 b - a book of Necromancy

   Spells                             Type                      Level
   a - Pain                           Necromancy                   1
   b - Animate Skeleton               Necromancy                   1
   c - Vampiric Draining              Necromancy                   3
   d - Regeneration                   Charms/Necromancy            3
   e - Animate Dead                   Necromancy                   4
   f - Control Undead                 Necromancy                   4
Comestibles
 c - 2 bread rations


   Skills:
 + Level 1.8 Dodging
 + Level 1.8 Stealth
 + Level 2.2 Spellcasting
 + Level 4.8 Necromancy


You had 3 spell levels left.
You knew the following spells:

 Your Spells              Type           Power        Failure   Level  Hunger
a - Pain                  Necr           ###.         3%          1    #......
b - Animate Skeleton      Necr           N/A          3%          1    #......


Dungeon Overview and Level Annotations

Branches:
Dungeon (2/15)

Altars:
Nemelex Xobeh


Innate Abilities, Weirdness & Mutations

You are partially covered in large bone plates (AC +2, SH +2).


Message History

There is a stone staircase leading down here.
Casting: Pain
Confirm with . or Enter, or press ? or * to list all spells.
Aiming: Pain
Press: ? - help, Shift-Dir - straight line, f - worm
Aim: a worm (moderately wounded, chance to defeat MR: 82%)
The worm convulses in agony!
The worm closely misses you.
Casting: Pain
Confirm with . or Enter, or press ? or * to list all spells.
Aiming: Pain
Press: ? - help, Shift-Dir - straight line, f/p - worm
Aim: a worm (heavily wounded, chance to defeat MR: 82%)
The worm convulses in agony!
Casting: Pain
Confirm with . or Enter, or press ? or * to list all spells.
Aiming: Pain
Press: ? - help, Shift-Dir - straight line, f/p - worm
Aim: a worm (severely wounded, chance to defeat MR: 82%)
The worm convulses in agony!
The worm bites you!
You die...

#....##§§§§§#...###§####
#....##.§§§§#...##§§§###
#....##§§§§§#...#.§§§§##
#....##§§§§§#.≈.##§§.###
#....##§§§§§#...###.####
#....########.§.########
#....########'''########
#...........#...........
#.....w@..#.............
###...............#...##..
###......#..#...............
#...........................
#.................#####'####
###......#.....########.####
#####..#....## ###.......#
##....)...## ##..........
#.........# ##....#####..


You could see a worm.

Vanquished Creatures
  A ball python (D:1)
  3 bats
  A giant cockroach (D:1)
  A hobgoblin (D:1)
  A giant newt (D:1)
  2 goblins
  3 kobolds
  3 rats (D:1)
15 creatures vanquished.

Notes
Turn   | Place    | Note
--------------------------------------------------------------
     0 | D:1      | Ithica the Demonspawn Necromancer began the quest for the Orb.
     0 | D:1      | Reached XP level 1. HP: 13/13 MP: 3/3
   478 | D:1      | Gained mutation: You are partially covered in large bone plates (AC +2, SH +2). [demonic ancestry]
   478 | D:1      | Reached XP level 2. HP: 10/19 MP: 0/5
   712 | D:1      | Learned a level 1 spell: Animate Skeleton
   764 | D:1      | Found a sparkling altar of Nemelex Xobeh.
  1052 | D:1      | Slain by a worm

Action                   || total
-------------------------++-------
Melee: Unarmed           ||     2
 Cast: Pain              ||    25
